 Dungeon Crawl Stone Soup version 0.28.0-43-g3370ac3207 (webtiles) character file.

Game seed: 4116515916701930446

78268 Peloso the Warrior (level 15, -27/148 HPs)
             Began as a Minotaur Fighter on Mar 3, 2022.
             Was the Champion of Okawaru.
             Killed from afar by an ancient lich (illusionary) (100 damage)
             ... with a crystal spear
             ... on level 2 of the Abyss.
             The game lasted 01:08:47 (31053 turns).

Peloso the Warrior (Minotaur Fighter)              Turns: 31053, Time: 01:08:47

Health: -27/148    AC: 36    Str: 25    XL:     15   Next: 17%
Magic:  16/16      EV:  7    Int:  1    God:    Okawaru [******]
Gold:   2062       SH: 15    Dex: 15    Spells: 14/14 levels left

rFire   . . .      SeeInvis .   a - +4 double sword (flame)
rCold   . . .      Faith    .   c - +1 kite shield {AC+3}
rNeg    . . .      Spirit   .   O - +0 crystal plate armour
rPois   .          Reflect  .   (helmet restricted)
rElec   .          Harm     .   Q - +0 cloak
rCorr   +          Rampage  .   i - +0 pair of gloves
Will    +....                   J - +0 pair of boots
Stlth   ..........              (no amulet)
HPRegen 0.34/turn               g - +4 ring of protection
MPRegen 0.15/turn               z - ring of resist corrosion

@: no status effects
A: horns 2, retaliatory headbutt, agile 1, [dopey 2]
a: Renounce Religion, Heroism, Finesse, Duel


You were on level 2 of the Abyss.
You worshipped Okawaru.
Okawaru was exalted by your worship.
You visited 3 branches of the dungeon, and saw 22 of its levels.
You visited the Abyss 2 times.
You also visited: Sewer and Bailey.

You collected 2328 gold pieces.
You spent 266 gold pieces at shops.

Inventory:

Hand Weapons
 a - a +4 double sword of flaming (weapon)
 b - a +0 scimitar of flaming
Armour
 c - a +1 kite shield of protection (worn)
 h - the +0 buckler "Farisat" {Dex+3}
   (You found it on level 14 of the Dungeon)

   Dex:       It affects your dexterity (+3).
 i - a +0 pair of gloves (worn)
 u - the +5 plate armour "Cadesch" {Fly}
   (Okawaru gifted it to you on level 5 of the Lair of Beasts)

   Fly:       It grants you flight.
 J - a +0 pair of boots (worn)
 O - a +0 crystal plate armour (worn)
 Q - a +0 cloak (worn)
Jewellery
 g - a +4 ring of protection (left hand)
 k - a +6 ring of strength
 l - a ring of see invisible
 p - a +6 ring of intelligence
 w - a ring of willpower
 z - a ring of resist corrosion (right hand)
 B - a ring of flight
 I - an amulet of faith
 K - a ring of poison resistance
 W - a ring of protection from cold
Wands
 o - a wand of flame (16)
 G - a wand of digging (23)
Scrolls
 n - a scroll of noise
 q - 2 scrolls of identify
 s - 4 scrolls of teleportation
 t - 3 scrolls of amnesia
 x - 3 scrolls of immolation
 y - 4 scrolls of fear
 A - a scroll of acquirement
 D - 3 scrolls of blinking
 F - a scroll of fog
 H - a scroll of brand weapon
 U - 2 scrolls of magic mapping
Potions
 d - 2 potions of might
 e - 7 potions of heal wounds
 f - a potion of mutation
 j - a potion of brilliance
 m - 3 potions of curing
 r - 2 potions of ambrosia
 v - 2 potions of invisibility
 C - a potion of cancellation
 E - 2 potions of flight
 P - a potion of experience
 T - a potion of haste


   Skills:
 + Level 17.7 Fighting
 + Level 16.9 Long Blades
 + Level 0.2 Maces & Flails
 + Level 15.9 Armour
 + Level 4.2 Dodging
 + Level 2.3 Stealth
 + Level 16.5 Shields
 + Level 3.7 Invocations
 + Level 3.2 Evocations


You had 14 spell levels left.
You didn't know any spells.
Your spell library contained the following spells:

 Spells                   Type           Power      Damage    Failure   Level
 Blink                    Tloc           0%         N/A       100%        2
 Confusing Touch          Hex            0%         N/A       100%        3
 Gell's Gravitas          Tloc           0%         N/A       100%        3
 Ignite Poison            Fire/Tmut/Pois 0%         N/A       100%        3
 Lesser Beckoning         Tloc           0%         N/A       100%        3
 Mephitic Cloud           Conj/Pois/Air  0%         N/A       100%        3
 Portal Projectile        Hex/Tloc       0%         N/A       100%        3
 Teleport Other           Tloc           0%         N/A       100%        3
 Leda's Liquefaction      Hex/Erth       0%         N/A       100%        4
 Freezing Cloud           Conj/Ice/Air   0%         6-21      100%        5
 Lee's Rapid Deconstruct  Erth           0%         3d5*      100%        5
 Manifold Assault         Tloc           0%         N/A       100%        5
 Yara's Violent Unravell  Hex/Tmut       0%         3d3       100%        5
 Statue Form              Tmut/Erth      0%         N/A       100%        6
 Enfeeble                 Hex            0%         N/A       100%        7
 Storm Form               Tmut/Air       0%         N/A       100%        7
 Call Canine Familiar     Summ           Unusable   N/A       N/A         3

Dungeon Overview and Level Annotations

Branches:
Dungeon (15/15)            Temple (0/1) D:6            Lair (5/6) D:11
 Shoals (0/4) Lair:3       Spider (0/4) Lair:2          Orc (2/2) D:11
    Elf (0/3) Orc:2        Vaults (0/5) D:14          Sewer (visited)
 Bailey (visited)
  Slime: Lair:5-6    Depths: D:15

Altars:
Dithmenos
Fedhas
Kikubaaqudgha
Okawaru
Uskayaw
Xom
Yredelemnul
The Shining One

Shops:
D:11 *   Orc:2 (*=

Annotations:
Lair:5 1 runed translucent door, Luam's ghost, journeyman OpFi


Innate Abilities, Weirdness & Mutations

You have a pair of horns on your head.
You reflexively headbutt those who attack you in melee.
You are agile. (Dex +2)
[You are very dopey. (Int -4)]


Message History

You block the demonspawn skeleton's attack.
The demonspawn skeleton closely misses you.
You block the demonspawn skeleton's attack.
You slice the demonspawn skeleton!! You burn the demonspawn skeleton.
Your headbutt misses the demonspawn skeleton.
The demonspawn skeleton is almost destroyed.
Unknown command.
You slice the demonspawn skeleton!! You burn the demonspawn skeleton.
You destroy the demonspawn skeleton!
That felt strangely unrewarding.
As you read the scroll of teleportation, it crumbles to dust.
You feel strangely unstable.
You feel the power of the Abyss delaying your translocation!
A hell knight comes into view.
It is wielding a +4 demon trident of pain.
A hell knight comes into view.
It is wielding a +3 battleaxe of flaming.
You are suddenly pulled into a different region of the Abyss!
Found a gateway leading deeper into the Abyss.
A small abomination comes into view.
A small abomination is nearby!
A starcursed mass comes into view.
A rakshasa comes into view. It is wielding a +0 long sword.
The rakshasa blinks!
An ufetubus comes into view.
An ancient lich comes into view.
The ancient lich shouts!
The rakshasa weaves an illusion.
The ufetubus shimmers and seems to become two!
The ancient lich gestures wildly while chanting.
The ancient lich seems to speed up.
The ancient lich casts a spell.
The ancient lich flickers and vanishes!
Deactivating autopickup; reactivate with Ctrl-A.
The rakshasa weaves an illusion.
The ufetubus shimmers and seems to become two!
The rakshasa weaves an illusion.
You hear some strange, mumbled words.
A crystal spear appears from out of thin air!
The crystal spear hits you!!!!
Ouch! That really hurt!
You die...

. .. . .. .#....# ##..#
... #.....# #...##
#..####....# ### #..#.
##..#......###.#####.#.#
.......................
................... ....
............5.....R.....
.......@.{..............
...........5.....#.....#
##.#..##...............#
#...# #............#..#
#.... #.....###.###....
.... #....## ... ...#
#.. #....# ....#.. # ...
#..#.. ....#...#


You could see 2 ufetubi.

Vanquished Creatures
  A ghoul (D:12)
  Nessos (D:12)
  2 vault guards (D:14)
  6 hydras
  6 boulder beetles
  2 catoblepae
  5 two-headed ogres
  Erica (D:11)
  3 centaur warriors
  A death knight (D:13)
  A tengu warrior (D:14)
  5 orc high priests (Orc:2)
  A thrashing horror (Abyss:2)
  Nergalle (D:10)
  3 skeletal warriors (D:12)
  A wretched star (Abyss:2)
  3 wizards
  7 orc knights
  2 necromancers (D:14)
  2 deep elf pyromancers
  12 ugly things
  6 cyclopes
  A worldbinder (Abyss:2)
  2 manticores
  The ghost of Longtemps the Firebug, a novice OpFE of Vehumet (D:6)
  Maurice (Orc:1)
  4 black mambas
  An elephant (D:11)
  12 cane toads
  A gargoyle (D:12)
  A kobold demonologist (D:10)
  3 unseen horrors
  3 rime drakes (Lair:2)
  2 freezing wraiths (D:13)
  9 trolls
  3 komodo dragons
  A queen bee (Lair:1)
  A meliai (Lair:2)
  The ghost of Ablot the Grasshopper, an amateur GnWr of Elyvilon (D:4)
  A polar bear (shapeshifter) (D:13)
  3 raiju (Abyss:2)
  14 blink frogs
  12 slime creatures
  A snapping turtle (Lair:3)
  A meliai zombie (D:13)
  2 large abominations (Abyss:2)
  4 wyverns
  A ynoxinul (Abyss:2)
  A vampire (D:11)
  3 wraiths
  31 yaks
  18 humans (D:14)
  A small abomination (Abyss:2)
  A golden eye (shapeshifter) (D:15)
  2 steam dragons (D:8)
  Menkaure (D:5)
  5 vampire mosquitoes
  An acid dragon (D:12)
  18 water moccasins
  Pargi (Sewer)
  41 orc warriors
  A demonspawn skeleton (Abyss:2)
  4 ogres (Orc:2)
  A sky beast (D:9)
  An ice beast (D:7)
  5 black bears
  3 wolves (Lair:1)
  17 centaurs
  3 phantoms
  2 kobold brigands (D:10)
  12 bullfrogs
  2 wyvern zombies
  2 jellies (D:6)
  A water moccasin skeleton (D:4)
  38 killer bees
  3 wights (Abyss:2)
  A howler monkey (D:6)
  2 electric eels
  A bullfrog zombie (D:5)
  A quasit (Abyss:2)
  8 centaur zombies
  A gnoll shaman (D:8)
  3 hounds
  33 orc priests
  4 iguanas
  29 orc wizards
  6 hell rats (Lair:1)
  A hound zombie (D:5)
  3 howler monkey zombies
  11 gnolls
  A howler monkey skeleton (D:6)
  6 adders
  A river rat (D:3)
  A shadow imp (D:7)
  2 white imps
  2 ufetubi (D:4)
  A worm (D:2)
  4 dart slugs
  117 orcs
  3 bats
  9 endoplasms
  6 giant cockroaches
  10 goblins
  13 hobgoblins
  7 jackals
  19 kobolds
  3 quokkas
  10 ball pythons
  5 frilled lizards
  5 rats
706 creatures vanquished.

Vanquished Creatures (others)
  An orc (Bailey)
  16 fungi
  A lurking horror (Abyss:2)
  31 plants
49 creatures vanquished.

Grand Total: 755 creatures vanquished

Notes
Turn   | Place    | Note
-------+----------+-------------------------------------------
     0 | D:1      | Peloso the Minotaur Fighter began the quest for the Orb.
     0 | D:1      | Reached XP level 1. HP: 19/19 MP: 0/0
   131 | D:1      | Reached XP level 2. HP: 27/27 MP: 1/1
   708 | D:2      | Reached XP level 3. HP: 33/33 MP: 2/2
  1136 | D:2      | Found an iron altar of Okawaru.
  1151 | D:2      | Became a worshipper of Warmaster Okawaru
  1512 | D:3      | Reached XP level 4. HP: 40/40 MP: 3/3
  1557 | D:3      | Reached skill level 4 in Fighting
  1636 | D:3      | Found a glowing drain.
  1649 | Sewer    | Entered a sewer
  1731 | Sewer    | Noticed Pargi
  1738 | Sewer    | Killed Pargi
  1738 | Sewer    | Reached * piety under Okawaru
  1739 | Sewer    | Reached skill level 5 in Long Blades
  1739 | Sewer    | Reached skill level 1 in Dodging
  1739 | Sewer    | Reached XP level 5. HP: 44/46 MP: 4/4
  2441 | D:3      | Identified the +4 whip "Uliofu" {vamp, rF+ Str+4 Dex-4}
  2607 | D:4      | Reached XP level 6. HP: 31/53 MP: 5/5
  2817 | D:4      | Found a runed translucent gate.
  2817 | D:4      | Noticed Ablot's ghost (amateur GnWr)
  2818 | D:4      | Found a runed translucent gate.
  2818 | D:4      | Found a runed translucent gate.
  3101 | D:4      | Found a hide-covered altar of Uskayaw.
  3105 | D:4      | Found a shadowy altar of Dithmenos.
  3175 | D:4      | Found a basalt altar of Yredelemnul.
  3176 | D:4      | Found a glowing golden altar of the Shining One.
  3827 | D:5      | Entered Level 5 of the Dungeon
  3930 | D:5      | Reached XP level 7. HP: 39/60 MP: 6/6
  4071 | D:5      | Reached skill level 5 in Armour
  4136 | D:5      | Noticed Menkaure
  4140 | D:5      | Killed Menkaure
  4140 | D:5      | Reached ** piety under Okawaru
  4141 | D:5      | Reached skill level 5 in Shields
  4427 | D:5      | Reached skill level 5 in Fighting
  4735 | D:5      | Reached skill level 1 in Stealth
  4790 | D:6      | Found a blossoming altar of Fedhas.
  4803 | D:6      | Reached XP level 8. HP: 68/68 MP: 7/7
  4822 | D:6      | Found a staircase to the Ecumenical Temple.
  5269 | D:6      | Reached *** piety under Okawaru
  5609 | D:6      | Found a runed translucent door.
  5628 | D:6      | Noticed Longtemps's ghost (novice OpFE)
  6736 | D:7      | Reached XP level 9. HP: 63/75 MP: 8/8
  7162 | D:8      | Reached skill level 6 in Fighting
  7287 | D:8      | Reached **** piety under Okawaru
  7288 | D:8      | Reached skill level 10 in Long Blades
  7437 | D:9      | Noticed a troll
  7448 | D:9      | Killed a troll
  7463 | D:9      | Reached skill level 1 in Invocations
  7528 | D:9      | Reached skill level 7 in Fighting
  7586 | D:9      | Reached XP level 10. HP: 23/86 MP: 6/9
  7665 | D:9      | Found an ancient bone altar of Kikubaaqudgha.
  7764 | D:9      | Found a flagged portal.
  7779 | Bailey   | Entered a bailey
  8365 | Bailey   | Reached skill level 1 in Evocations
  8622 | Bailey   | Reached ***** piety under Okawaru
  9846 | D:9      | You fall into a shaft and drop 3 floors!
  9952 | D:11     | Noticed a cyan ugly thing
  9972 | D:11     | Killed a cyan ugly thing
  9973 | D:11     | Reached skill level 8 in Fighting
  9973 | D:11     | Reached skill level 10 in Armour
 10165 | D:11     | Noticed Erica
 10194 | D:11     | Killed Erica
 10321 | D:11     | Noticed a seven-headed hydra
 10325 | D:11     | Noticed an elephant
 10335 | D:11     | Killed a two-headed hydra
 10342 | D:11     | Killed an elephant
 10343 | D:11     | Reached XP level 11. HP: 41/95 MP: 9/11
 10575 | D:11     | Found a staircase to the Lair.
 10639 | D:11     | Noticed a boulder beetle
 10665 | D:11     | Killed a boulder beetle
 10665 | D:11     | Received a gift from Okawaru
 10785 | D:11     | Found Qatiqir's Assorted Antiques.
 10794 | D:11     | Reached skill level 9 in Fighting
 10802 | D:11     | Identified a scroll of acquirement
 10953 | D:11     | Noticed a two-headed ogre
 10977 | D:11     | Killed a two-headed ogre
 11235 | D:11     | Received a gift from Okawaru
 11265 | D:11     | Found a staircase to the Orcish Mines.
 11473 | D:11     | Noticed a green ugly thing
 11482 | D:11     | Killed a green ugly thing
 11662 | D:10     | Entered Level 10 of the Dungeon
 11916 | D:10     | Noticed Nergalle
 11933 | D:10     | Killed Nergalle
 12287 | D:10     | Reached skill level 10 in Fighting
 13087 | D:7      | Received a gift from Okawaru
 13093 | D:7      | Reached skill level 10 in Shields
 13919 | Lair:1   | Entered Level 1 of the Lair of Beasts
 14000 | Lair:1   | Reached skill level 11 in Fighting
 14031 | Lair:1   | Reached XP level 12. HP: 99/110 MP: 13/13
 14218 | Lair:1   | Reached skill level 12 in Fighting
 14944 | Lair:1   | Noticed a four-headed hydra
 14954 | Lair:1   | Killed a one-headed hydra
 15499 | Lair:2   | Reached skill level 13 in Fighting
 15924 | Lair:2   | Noticed a boulder beetle
 16128 | Lair:2   | Identified the +3 arbalest of Stickiness {venom, Fragile
                  | rF+ Int+4 Stlth+} (Okawaru gifted it to you on level 2 of
                  | the Lair of Beasts)
 16128 | Lair:2   | Received a gift from Okawaru
 16215 | Lair:2   | Found a hole to the Spider Nest.
 16315 | Lair:2   | Killed a boulder beetle
 16377 | Lair:2   | Noticed a seven-headed hydra
 16387 | Lair:2   | Killed a two-headed hydra
 17037 | Lair:3   | Reached skill level 15 in Long Blades
 17158 | Lair:3   | Reached XP level 13. HP: 123/123 MP: 14/14
 17343 | Lair:3   | Reached skill level 14 in Fighting
 17825 | Lair:3   | Found a staircase to the Shoals.
 18477 | D:12     | Noticed Nessos
 18484 | D:12     | Killed Nessos
 18741 | D:12     | Reached ****** piety under Okawaru
 19173 | D:12     | Identified the +0 robe of Papauzuo {rPois rC+ Will+ MP+9}
                  | (Okawaru gifted it to you on level 12 of the Dungeon)
 19173 | D:12     | Received a gift from Okawaru
 19296 | D:13     | Noticed a ghoul
 19498 | D:12     | Killed a ghoul
 19755 | D:13     | Reached skill level 15 in Fighting
 21750 | Orc:1    | Entered Level 1 of the Orcish Mines
 22022 | Orc:1    | Noticed Maurice
 22057 | Orc:1    | Killed Maurice
 22123 | Orc:1    | Reached skill level 16 in Fighting
 22425 | Orc:2    | Entered Level 2 of the Orcish Mines
 22649 | Orc:1    | Reached XP level 14. HP: 136/137 MP: 15/15
 24441 | Orc:2    | Reached skill level 15 in Armour
 24542 | Orc:2    | Gained mutation: You tend to lose your temper in combat. [a
                  | neqoxec]
 24544 | Orc:2    | Received a gift from Okawaru
 25107 | Orc:2    | Found a staircase to the Elven Halls.
 25226 | Orc:2    | Found Sushrofe's Weapon Boutique.
 25229 | Orc:2    | Found Gott's Jewellery Boutique.
 25230 | Orc:2    | Found Wipnimaf's Book Boutique.
 25231 | Orc:2    | Found Jyrat's Assorted Antiques.
 25237 | Orc:2    | Bought a steaming chain mail for 266 gold pieces
 25237 | Orc:2    | Identified the +0 chain mail "Olos" {Harm Rampage} (You
                  | bought it in a shop on level 2 of the Orcish Mines)
 25413 | Orc:2    | Lost mutation: You tend to lose your temper in combat.
                  | [potion of mutation]
 25413 | Orc:2    | Gained mutation: You are agile. (Dex +2) [potion of
                  | mutation]
 26051 | D:14     | Reached skill level 15 in Shields
 26067 | D:14     | Identified the +0 buckler "Farisat" {Dex+3}
 26488 | D:14     | Cast into level 3 of the Abyss (a wizard)
 26490 | Abyss:3  | Found a bloodstained altar of Trog.
 26521 | D:14     | Escaped the Abyss
 26566 | D:14     | Reached skill level 17 in Fighting
 26719 | D:14     | Found a gate to the Vaults.
 26732 | D:14     | Received a gift from Okawaru
 27076 | D:14     | Identified the +1 scale mail "Coekusakk" {*Slow Regen+
                  | Str+2}
 27144 | D:14     | Received a gift from Okawaru
 28547 | Lair:5   | Found a runed translucent door.
 28547 | Lair:5   | Found a shimmering altar of Xom.
 28547 | Lair:5   | Noticed Luam's ghost (journeyman OpFi)
 28581 | Lair:5   | Identified the +5 plate armour "Cadesch" {Fly} (Okawaru
                  | gifted it to you on level 5 of the Lair of Beasts)
 28581 | Lair:5   | Received a gift from Okawaru
 29444 | D:4      | Killed Ablot's ghost
 29563 | D:6      | Killed Longtemps's ghost
 29764 | D:15     | Entered Level 15 of the Dungeon
 29823 | D:15     | Reached XP level 15. HP: 147/147 MP: 16/16
 29867 | D:15     | HP: 6/147 [white ugly thing (27)]
 30648 | D:15     | Cast into level 2 of the Abyss (a wizard)
 30876 | Abyss:2  | Found a corrupted altar of Lugonu.
 31041 | Abyss:2  | Noticed an ancient lich
 31053 | Abyss:2  | Killed from afar by an ancient lich (illusionary)

Illustrated notes

Levels and vault maps discovered:
D:1:      dpeg_arrival_shelter, layout_loops_ring
D:2:      layout_basic, basic_altar
D:3:      minmay_octagon_keep, layout_loops_corners, portal_sewer_entry_a
D:4:      layout_basic, nicolae_overflow_hidden_temple, gammafunk_ghost_split
D:5:      layout_basic, uniq_menkaure
D:6:      layout_gridville, nicolae_overflow_crystal_walls,
          minmay_temple_entry_nine_rooms, ebering_ghost_inner_flame,
          serial_bayou_pond_c
D:7:      layout_rooms
D:8:      layout_cave_pools, serial_park, serial_park_square3
          [serial_park_minivault_5x5_1], serial_park_tiny_1, serial_park_tiny_1,
          serial_park_square3 [serial_park_minivault_5x5_3], serial_park_tiny_1
D:9:      layout_gridville, nicolae_kikubaaqudgha_miasma_corner, enter_bailey_3
D:10:     layout_roguey, uniq_nergalle
D:11:     layout_basic, david_lair_generic, david_orc_4, serial_shops,
          shop_fountains, uniq_erica
D:12:     layout_roguey, uniq_nessos
D:13:     layout_layer_cave, serial_undead, serial_undead_a, serial_undead_b,
          serial_undead_d, serial_undead_c
D:14:     layout_roguey, grunt_vaults_entry_tiered, interstate_on_off
D:15:     grunt_enter_depths_magical_seal, layout_basic,
          hangedman_abyss_or_decor_passed, grunt_ministairs_2
Lair:1:   layout_loops_ring, special_room [special_room_bee],
          beast_lair_carwin_8, serial_bayou_shore_b, serial_bayou_shore_a
Lair:2:   layout_regular_city, hellmonk_spider_entry_not_the_bees,
          serial_bayou_lagoon_a
Lair:3:   wander_river, layout_hall_layers, minmay_shoals_entry_hut,
          beast_lair_carwin_2
Lair:4:   layout_cave_pods, grunt_megastairs_1
Lair:5:   layout_roguey, ebering_ghost_xom, serial_bayou_crossing
Orc:1:    layout_caves, uniq_maurice
Orc:2:    st_orc_pillars, layout_diamond_mine
Abyss:2:  base: Lair:2, minivault_27, bh_silent_lugonu_exit,
          guppyfry_abyss_exit_glass_guarded

Skill      XL: |  1  2  3  4  5  6  7  8  9 10 11 12 13 14 |
---------------+-------------------------------------------+-----
Shields        | 4 5 6 8 9 10 12 14 16 | 16.5
Long Blades    | 3 5 6 8 9 11 12 13 15 16 | 16.9
Armour         | 4 5 7 8 10 12 13 14 15 | 15.9
Fighting       | 4 5 7 8 11 13 16 17 | 17.7
Dodging        | 1 2 3 4 |  4.2
Stealth        | 1 2 |  2.3
Invocations    | 1 2 3 |  3.7
Evocations     | 2 3 |  3.2
Maces & Flails | |  0.2

Action                   |  1- 3 |  4- 6 |  7- 9 | 10-12 | 13-15 || total
-------------------------+-------+-------+-------+-------+-------++-------
Melee: Long sword        |    64 |   166 |   284 |   180 |       ||   694
       Headbutt          |    10 |    22 |    57 |   174 |   286 ||   549
       Scimitar          |       |       |       |   618 |   762 ||  1380
       Whip              |       |       |       |     9 |       ||     9
       Double sword      |       |       |       |       |   395 ||   395
Invok: Heroism           |       |       |     5 |    23 |    16 ||    44
Evoke: Wand              |       |       |       |    20 |     6 ||    26
  Use: Scroll            |       |     3 |     7 |    11 |    12 ||    33
       Potion            |       |       |     3 |     2 |     6 ||    11
 Stab: Paralysed         |       |       |     1 |       |     4 ||     5
Armor: Scale mail        |    37 |    57 |       |       |       ||    94
       Chain mail        |       |    19 |   131 |       |       ||   150
       Plate armour      |       |       |    90 |   126 |       ||   216
       Crystal plate arm |       |       |       |   381 |   738 ||  1119
Dodge: Dodged            |    35 |    64 |   117 |   177 |   221 ||   614
Block: Buckler           |    15 |    39 |    97 |   147 |       ||   298
       Kite shield       |       |       |       |   211 |   855 ||  1066
